 Dungeon Crawl Stone Soup version 0.20-a0-791-gf6451d4 (webtiles) character file.

1903 Amciq the Chucker (level 8, 0/79 HPs)
             Began as a Troll Hunter on Mar 1, 2017.
             Was an Initiate of Ashenzari.
             Killed from afar by an orc wizard (8 damage)
             ... with a magic dart
             ... on level 6 of the Dungeon.
             The game lasted 00:14:38 (4192 turns).

Amciq the Chucker (Troll Hunter)                    Turns: 4192, Time: 00:14:38

Health: 0/79       AC:  5    Str: 26    XL:     8   Next: 94%
Magic:  7/7        EV: 11    Int: 12    God:    Ashenzari [......]
Gold:   252        SH:  0    Dex: 12    Spells: 7/7 levels left

rFire    . . .     SeeInvis .   l - -2 giant spiked club (curse)
rCold    . . .     Gourm    +   b - +0 robe
rNeg     . . .     Faith    .   (shield currently unavailable)
rPois    .         Spirit   .   (helmet restricted)
rElec    .         Reflect  .   (no cloak)
rCorr    .         Harm     .   (gloves unavailable)
MR       .....                  (boots unavailable)
Stlth    +.........             (no amulet)
Regen    0.7/turn               (no ring)
MPRegen  0.1/turn               (no ring)

@: mighty, brilliant
A: unfitting armour, claws 3, fast metabolism 3, gourmand, regeneration 1,
shaggy fur 1, tough skin 2
a: Curse Item, Renounce Religion


You were on level 6 of the Dungeon.
You worshipped Ashenzari.
Ashenzari was noncommittal.
You were completely stuffed.

You visited 2 branches of the dungeon, and saw 8 of its levels.

You collected 252 gold pieces.

Inventory:

Hand Weapons
 l - a cursed -2 giant spiked club (weapon)
Missiles
 c - 5 large rocks (quivered)
 d - 5 throwing nets
Armour
 b - a +0 robe (worn)
Scrolls
 g - 5 scrolls of teleportation
 h - 3 scrolls of fog {unknown}
 i - a scroll of enchant armour {unknown}
 k - a scroll of noise {unknown}
 m - 3 scrolls of immolation {unknown}
 p - 2 scrolls of remove curse
 r - 4 scrolls of fear {unknown}
 t - 6 scrolls of identify {unknown}
 u - a scroll of magic mapping {unknown}
Potions
 a - 2 potions of agility
 s - 2 potions of curing {unknown}
Comestibles
 f - 4 bread rations
 j - 4 fruits
 n - 3 meat rations
 v - a royal jelly


   Skills:
 + Level 4.6 Fighting
 + Level 6.0 Throwing
 + Level 3.9 Armour
 + Level 4.5 Dodging
 - Level 0.3 Stealth
 + Level 5.1 Unarmed Combat


You had 7 spell levels left.
You didn't know any spells.

Dungeon Overview and Level Annotations

Branches:
Dungeon (7/15)             Temple (1/1) D:6

Altars:
Ashenzari
Cheibriados
Elyvilon
Fedhas
Gozag
Hepliaklqana
Makhleb
Okawaru
Qazlal
Ru
Sif Muna
Trog
Vehumet
Wu Jian
Xom
Yredelemnul
The Shining One


Innate Abilities, Weirdness & Mutations

You are too large for most types of armour.
You have claws for hands.
Your metabolism is lightning-fast.
You like to eat raw meat.
Your natural rate of healing is unusually fast.
You are covered in fur. (AC +1)
You have very tough skin. (AC +2)


Message History

The orc wizard casts a spell at you. The magic dart hits you!
* * * LOW HITPOINT WARNING * * *
The orc wizard hits you with a dagger.
* * * LOW HITPOINT WARNING * * *
It was a potion of brilliance.
You feel clever all of a sudden.
The orc wizard gestures at you while chanting.
The magic dart hits you!
* * * LOW HITPOINT WARNING * * *
It was a potion of might.
You feel very mighty all of a sudden.
The orc wizard hits you but does no damage.
The orc wizard casts a spell.
The orc wizard blinks!
The orc wizard gestures wildly while chanting.
The orc wizard blinks!
The orc wizard gestures at you while chanting.
The magic dart hits you!
You die...

.##.#
#.................o.
.
#...................
#.....#........#####
#####..........#
#.......#)#..# ###
#.###........# #..
#.#####o.....# #.#
#.##..))..######.#
#.##@##.##.###.......
#......o##.# #)####..
####.......# #.####..
######### #.##....
#.##.##. #.....).
####)### #......
#.#.##.


You could see an orc wizard.

Vanquished Creatures
  The ghost of Dipster the Carver, a novice BaFi of Okawaru (D:6)
  Eustachio (D:5)
  Menkaure (D:4)
  An ice beast (D:5)
  3 ogres
  A centaur (D:6)
  Blork the orc (D:6)
  A bullfrog (D:5)
  3 scorpions
  A crimson imp (D:7)
  2 bullfrog skeletons
  2 hounds
  An orc priest (D:4)
  2 worker ants
  An orc wizard (D:5)
  A hound zombie (D:6)
  A worker ant zombie (D:5)
  9 adders
  3 gnolls (D:5)
  2 howler monkey skeletons (D:5)
  An adder skeleton (D:5)
  3 worms
  A dart slug (D:4)
  4 leopard geckos
  11 orcs
  2 giant cockroaches
  6 goblins
  9 hobgoblins
  7 jackals
  7 kobolds
  3 quokkas
  2 ball pythons
  7 bats
  7 frilled lizards
  2 jackal skeletons
  A leopard gecko zombie (D:5)
  A quokka zombie (D:6)
  11 rats
  A spectral orc (D:5)
124 creatures vanquished.

Notes
Turn   | Place    | Note
-------+----------+-------------------------------------------
     0 | D:1      | Amciq the Troll Hunter began the quest for the Orb.
     0 | D:1      | Reached XP level 1. HP: 19/19 MP: 0/0
     3 | D:1      | Noticed an electric eel
     3 | D:1      | Noticed an electric eel
   320 | D:1      | Reached XP level 2. HP: 23/28 MP: 1/1
   800 | D:2      | Found a glowing golden altar of the Shining One.
   946 | D:2      | Reached skill level 1 in Unarmed Combat
   946 | D:2      | Reached XP level 3. HP: 26/35 MP: 2/2
   975 | D:2      | Found a radiant altar of Vehumet.
  1016 | D:2      | Reached skill level 4 in Throwing
  1101 | D:2      | Reached skill level 1 in Armour
  1603 | D:2      | Reached XP level 4. HP: 42/42 MP: 3/3
  1794 | D:3      | Found an ornate altar of the Wu Jian Council.
  1884 | D:3      | Found an opulent altar of Gozag.
  2149 | D:3      | Found a hazy altar of Hepliaklqana.
  2327 | D:4      | Noticed Menkaure
  2330 | D:4      | Killed Menkaure
  2330 | D:4      | Reached XP level 5. HP: 50/50 MP: 4/4
  2425 | D:4      | Reached XP level 6. HP: 35/59 MP: 5/5
  2752 | D:4      | Found a bloodstained altar of Trog.
  2853 | D:5      | Entered Level 5 of the Dungeon
  3031 | D:5      | Found a basalt altar of Yredelemnul.
  3078 | D:5      | Reached XP level 7. HP: 44/67 MP: 6/6
  3187 | D:5      | Reached skill level 5 in Throwing
  3205 | D:5      | Noticed Eustachio
  3217 | D:5      | Killed Eustachio
  3257 | D:5      | Found a sacrificial altar of Ru.
  3493 | D:6      | Found a staircase to the Ecumenical Temple.
  3498 | D:6      | Noticed Dipster's ghost (novice BaFi)
  3511 | D:5      | HP: 2/68 [gnoll/halberd (8)]
  3571 | Temple   | Entered the Ecumenical Temple
  3638 | Temple   | Became a worshipper of Ashenzari the Shackled
  3681 | D:6      | Killed Dipster's ghost
  3681 | D:6      | Reached XP level 8. HP: 44/78 MP: 7/7
  3708 | D:6      | Noticed Blork the orc
  3721 | D:6      | Killed Blork the orc
  3944 | D:7      | Reached skill level 5 in Unarmed Combat
  4078 | D:7      | Reached skill level 6 in Throwing
  4096 | D:7      | Noticed a hippogriff
  4192 | D:6      | Killed from afar by an orc wizard

Vault maps used:
D:1:      arrival_aquarium_b, chequers_big_river
D:2:      marbit_many_paths, overflow_temple_1_default
D:3:      zin_scriptorium, old_standard_altar, lemuel_crystal_altar,
          overflow_temple_1_default, hangedman_decor_lopped
D:4:      bloody_trog, first_bread, uniq_menkaure
D:5:      yredelemnul_forgotten_temple_becter, nicolae_ru_the_path_less_chosen,
          uniq_crazy_yiuf_cottage, uniq_eustachio
D:6:      minmay_temple_entry_large_hall, nicolae_lava_and_water,
          uniq_blork_the_orc
Temple:   jpeg_temple_clearing

Skill      XL: |  1  2  3  4  5  6  7  8 |
---------------+-------------------------+-----
Unarmed Combat | 1 2 3 4 5 |  5.1
Throwing       | 4 5 6 |  6.0
Armour         | 1 2 3 |  3.9
Fighting       | 2 3 4 |  4.6
Dodging        | 2 3 4 |  4.5
Stealth        | |  0.3

Action                   |  1- 3 |  4- 6 |  7- 9 || total
-------------------------+-------+-------+-------++-------
Melee: Unarmed           |   168 |   124 |   150 ||   442
       Punch             |     1 |     2 |     1 ||     4
       Giant spiked club |       |       |    20 ||    20
Throw: Large rock        |       |     2 |       ||     2
  Use: Scroll            |     1 |       |     1 ||     2
       Potion            |       |       |    12 ||    12
 Stab: Sleeping          |       |     1 |     1 ||     2
  Eat: Chunk             |    19 |    12 |    13 ||    44
Armor: Robe              |    69 |    32 |    51 ||   152
Dodge: Dodged            |    98 |    42 |   119 ||   259
